 Dungeon Crawl Stone Soup version 0.30-a0-782-ge64f9170bb (webtiles) character file.

Game seed: 3319579106117566090

1611907 bakla the Pyromancer (level 26, 227/227 HPs)
             Began as a Demonspawn Conjurer on Feb 19, 2023.
             Was the Champion of Vehumet.
             Escaped with the Orb
             ... and 3 runes!
             The game lasted 03:31:04 (74782 turns).

bakla the Pyromancer (Demonspawn Conjurer)         Turns: 74782, Time: 03:31:04

Health: 227/227    AC: 23    Str:  6    XL:     26   Next: 45%
Magic:  44/44      EV: 25    Int: 35    God:    Vehumet [******]
Gold:   7322       SH:  8    Dex: 25    Spells: 8/59 levels left

rFire   + + +      SeeInvis +    N - staff of conjuration
rCold   . . .      Faith    .    P - +3 buckler {AC+3}
rNeg    . . .      Spirit   .    O - +5 steam dragon scales
rPois   +          Reflect  .    p - +0 helmet of Hedging {rF++}
rElec   +          Harm     .    q - +2 cloak of Amenwygg {Int+6 Dex+4}
rCorr   +          Rampage  .    t - +1 pair of gloves "Kiduosm" {rElec rF+ Dex+3}
Will    ++++.                    (boots unavailable)
Stlth   +                        f - amulet "Caejiqie" {RegenMP rPois rCorr Int+2 Dex+7}
HPRegen 0.57/turn                R - ring of the Saviour {rPois rF+ Will+++ Dex-3 SInv}
MPRegen 0.69/turn                j - ring of Pegel {Fly rElec rPois AC+4 Str-2}

@: flying, studying Short Blades
A: hooves 3, foul stench 3, powered by pain 3, augmentation 3, sanguine armour
3, deformed body, dopey 1
0: Orb of Zot
}: 3/15 runes: decaying, serpentine, silver
a: Renounce Religion


You escaped.
You worshipped Vehumet.
Vehumet was exalted by your worship.
You visited 9 branches of the dungeon, and saw 47 of its levels.
You visited the Abyss 1 time.
You visited 1 bazaar.
You also visited: Ossuary, Bailey, Gauntlet and Desolation.

You collected 9317 gold pieces.
You spent 1995 gold pieces at shops.

Inventory:

Missiles
 H - 8 curare-tipped darts
Armour
 c - a +2 hat of willpower
 p - the +0 helmet of Hedging (worn) {rF++}
   (You found it in a Gauntlet)

   rF:        It greatly protects you from fire.
 q - the +2 cloak of Amenwygg (worn) {Int+6 Dex+4}
   (You found it on level 3 of the Lair of Beasts)

   Int:       It affects your intelligence (+6).
   Dex:       It affects your dexterity (+4).
 t - the +1 pair of gloves "Kiduosm" (worn) {rElec rF+ Dex+3}
   (You acquired it in a bazaar)

   Dex:       It affects your dexterity (+3).
   rF:        It protects you from fire.
   rElec:     It insulates you from electricity.
 M - a +2 robe of the Archmagi
 O - +5 steam dragon scales (worn)
 P - a +3 buckler of protection (worn)
 Z - the +0 helmet "Hisaxt" {rF- Will+ Regen+ SInv}
   (You bought it in a shop on level 1 of the Orcish Mines)

   rF:        It makes you vulnerable to fire.
   SInv:      It lets you see invisible.
   Regen:     It increases your rate of health regeneration.
   Will:      It increases your willpower.
Magical Staves
 N - a staff of conjuration (weapon)
Jewellery
 b - a ring of willpower
 f - the amulet "Caejiqie" (around neck) {RegenMP rPois rCorr Int+2 Dex+7}
   (You found it in the Desolation of Salt)

   [amulet of magic regeneration]

   It increases your rate of magic regeneration.
   Int:       It affects your intelligence (+2).
   Dex:       It affects your dexterity (+7).
   rPois:     It protects you from poison.
   rCorr:     It protects you from acid and corrosion.
 j - the ring of Pegel (right hand) {Fly rElec rPois AC+4 Str-2}
   (You acquired it on level 13 of the Dungeon)

   [ring of protection]

   AC:        It affects your AC (+4).
   Str:       It affects your strength (-2).
   rElec:     It insulates you from electricity.
   rPois:     It protects you from poison.
   Fly:       It grants you flight.
 l - a ring of resist corrosion
 r - a ring of protection from fire
 I - the ring of Cucosouv {rC+ rN+ Str+2 Stlth+}
   (You bought it in a shop on level 2 of the Elven Halls)

   [ring of positive energy]

   Str:       It affects your strength (+2).
   rC:        It protects you from cold.
   rN:        It protects you from negative energy.
   Stlth:     It makes you more stealthy.
 R - the ring of the Saviour (left hand) {rPois rF+ Will+++ Dex-3 SInv}
   (You found it on level 1 of the Vaults)

   [ring of protection from fire]

   Dex:       It affects your dexterity (-3).
   rF:        It protects you from fire.
   rPois:     It protects you from poison.
   SInv:      It lets you see invisible.
   Will:      It greatly increases your willpower.
 T - a ring of fire
 U - a ring of positive energy
Wands
 a - a wand of digging (4)
 y - a wand of iceblast (67)
 F - a wand of polymorph (10)
 Q - a wand of quicksilver (23)
 V - a wand of paralysis (6)
Scrolls
 d - 16 scrolls of enchant weapon
 e - 5 scrolls of blinking
 h - 15 scrolls of fog
 i - 9 scrolls of amnesia
 n - 36 scrolls of teleportation
 v - 6 scrolls of fear
 w - 5 scrolls of poison
 x - 5 scrolls of immolation
 B - 2 scrolls of magic mapping
 K - 2 scrolls of butterflies
 W - 8 scrolls of brand weapon
 X - a scroll of noise
Potions
 g - 14 potions of might
 k - 6 potions of invisibility
 m - 12 potions of attraction
 o - 4 potions of resistance
 s - 9 potions of brilliance
 u - 11 potions of curing
 A - 10 potions of mutation
 C - 7 potions of ambrosia
 D - 3 potions of cancellation
 E - 12 potions of flight
 G - 12 potions of heal wounds
 J - 3 potions of magic
 L - 10 potions of haste
Miscellaneous
 z - a box of beasts
 S - a condenser vane
 Y - a phantom mirror


   Skills:
 - Level 22.9 Fighting
 - Level 9.6 Armour
 - Level 15.0 Dodging
 - Level 1.7 Stealth
 - Level 17.0 Spellcasting
 - Level 22.0 Conjurations
 - Level 4.0 Hexes
 - Level 8.0 Summonings
 - Level 4.0 Translocations
 + Level 23.6 Fire Magic
 - Level 5.0 Evocations


You had 8 spell levels left.
You knew the following spells:

 Your Spells              Type           Power      Damage    Failure   Level
a - Magic Dart            Conj           100%       1d8       0%          1
b - Searing Ray           Conj           100%       2d8       0%          2
c - Fulminant Prism       Conj/Hex       79%        3d32      1%          4
d - Ignition              Fire           81%        3d21      1%          8
e - Iskenderun's Mystic   Conj/Tloc      100%       2d19      1%          4
f - Fire Storm            Conj/Fire      93%        8d24      4%          9
g - Iskenderun's Battles  Conj           100%       2d15      0%          5
h - Yara's Violent Unrav  Hex/Tmut       38%        3d15      5%          5
i - Spellforged Servitor  Conj/Summ      82%        N/A       1%          7
j - Iron Shot             Conj/Erth      75%        9d14      1%          6

Your spell library contained the following spells:

 Spells                   Type           Power      Damage    Failure   Level
 Shatter                  Erth           30%        3d25*     100%        9
 Foxfire                  Conj/Fire      100%       2x1d9     0%          1
 Shock                    Conj/Air       100%       1d9       0%          1
 Scorch                   Fire           100%       2d10      0%          2
 Dazzling Flash           Conj/Hex       100%       N/A       0%          3
 Inner Flame              Hex/Fire       100%       N/A       0%          3
 Flame Wave               Conj/Fire      100%       2d21      0%          4
 Fireball                 Conj/Fire      93%        3d34      0%          5
 Starburst                Conj/Fire      93%        6d23      0%          6
 Apportation              Tloc           100%       N/A       1%          1
 Freeze                   Ice            100%       1d10      1%          1
 Necrotise                Necr           100%       1d9       1%          1
 Sting                    Tmut/Pois      100%       1d8       1%          1
 Summon Small Mammal      Summ           100%       N/A       1%          1
 Call Imp                 Summ           100%       N/A       1%          2
 Ensorcelled Hibernation  Hex/Ice        100%       N/A       1%          2
 Poisonous Vapours        Pois/Air       100%       N/A       1%          2
 Static Discharge         Conj/Air       100%       2-7/arc   1%          2
 Call Canine Familiar     Summ           100%       N/A       1%          3
 Frozen Ramparts          Ice            100%       1d16      1%          3
 Gell's Gravitas          Tloc           91%        N/A       1%          3
 Hailstorm                Conj/Ice       100%       3d20      1%          3
 Kindle Blastsparks       Fire/Tloc/Air  100%       2d18      1%          3
 Mephitic Cloud           Conj/Pois/Air  100%       N/A       1%          3
 Portal Projectile        Hex/Tloc       100%       N/A       1%          3
 Summon Guardian Golem    Hex/Summ       100%       N/A       1%          3
 Teleport Other           Tloc           91%        N/A       1%          3
 Tukima's Dance           Hex            91%        N/A       1%          3
 Arcjolt                  Conj/Air       75%        1d85      1%          5
 Freezing Cloud           Conj/Ice/Air   66%        6-21      1%          5
 Irradiate                Conj/Tmut      75%        3d36      1%          5
 Lightning Bolt           Conj/Air       75%        1d101     1%          5
 Orb of Destruction       Conj           92%        9d20      1%          7
 Cigotuvi's Dreadful Rot  Necr/Pois/Air  100%       N/A       2%          2
 Passwall                 Tmut/Erth      50%        N/A       2%          2
 Wereblood                Tmut           60%        N/A       2%          2
 Vhi's Electric Charge    Tloc/Air       100%       N/A       2%          3
 Cause Fear               Hex            45%        N/A       3%          4
 Manifold Assault         Tloc           91%        N/A       3%          4
 Passage of Golubria      Tloc           91%        N/A       3%          4
 Summon Ice Beast         Ice/Summ       91%        N/A       3%          4
 Summon Lightning Spire   Summ/Air       91%        N/A       3%          4
 Swiftness                Air            60%        N/A       4%          3
 Vampiric Draining        Necr           60%        2d10      4%          3
 Airstrike                Air            30%        2d(5-21)  4%          4
 Olgreb's Toxic Radiance  Pois           60%        N/A       4%          4
 Anguish                  Hex/Necr       38%        N/A       7%          4
 Leda's Liquefaction      Hex/Erth       38%        N/A       7%          4
 Summon Cactus Giant      Summ           56%        N/A       10%         6
 Lee's Rapid Deconstruct  Erth           30%        3d16*     12%         5
 Animate Dead             Necr           60%        N/A       16%         4
 Ice Form                 Ice/Tmut       60%        N/A       16%         4
 Petrify                  Tmut/Erth      60%        N/A       16%         4
 Metabolic Englaciation   Hex/Ice        38%        N/A       21%         5
 Silence                  Hex/Air        38%        N/A       21%         5
 Alistair's Intoxication  Tmut/Pois      40%        N/A       41%         5
 Blade Hands              Tmut           30%        N/A       41%         5
 Borgnjor's Vile Clutch   Necr/Erth      30%        N/A       41%         5
 Dispersal                Tloc           45%        N/A       43%         6
 Malign Gateway           Summ/Tloc      51%        N/A       75%         7
 Death Channel            Necr           30%        N/A       94%         6
 Simulacrum               Ice/Necr       30%        N/A       94%         6
 Statue Form              Tmut/Erth      40%        N/A       94%         6
 Dragon Form              Tmut           30%        N/A       100%        7
 Discord                  Hex            45%        N/A       100%        8
 Disjunction              Tloc           45%        N/A       100%        8
 Chain Lightning          Conj/Air       75%        3d100     98%         9
 Dragon's Call            Summ           56%        N/A       100%        9
 Polar Vortex             Ice            30%        N/A       100%        9


Dungeon Overview and Level Annotations

Branches:
Dungeon (15/15)            Temple (0/1) D:6            Lair (5/5) D:9
  Swamp (4/4) Lair:2        Snake (4/4) Lair:2        Slime (0/5) Lair:4
    Orc (2/2) D:10            Elf (3/3) Orc:2        Vaults (5/5) D:14
  Crypt (0/3) Vaults:3     Depths (4/4) D:15            Zot (5/5) Depths:4
Ossuary (visited)          Bailey (visited)         Desolation (visited)
Gauntlet (visited)

Altars:
Ashenzari
Dithmenos
Fedhas
Kikubaaqudgha
Makhleb
Nemelex Xobeh
Okawaru
Sif Muna
Trog
Uskayaw
Vehumet
Wu Jian
Xom
Yredelemnul

Shops:
D:4 (   D:6 ?   D:7 :   D:8 *   D:11 *   Orc:1 [   Orc:2 ?[*?   Elf:2 ==:
Elf:3 =   Snake:3 *   Snake:4 =   Vaults:3 !

Portals:
Hell: Depths:1 Depths:2 Depths:3 Depths:4
Abyss: Depths:1 Depths:2 Depths:3 Depths:4
Pandemonium: Depths:2
Ziggurat: Depths:3
Trove: D:10 (give 5 scrolls of blinking)

Annotations:
D:6 1 runed translucent door
D:9 Psyche
Lair:1 2 transporters, Qylualu's ghost, journeyman MiBe
Lair:3 1 runed translucent door, Ceno's ghost, journeyman TeRe
Snake:1 Roxanne
Elf:2 5 runed translucent doors
Depths:2 6 transporters
Zot:5 1 exclusion


Innate Abilities, Weirdness & Mutations

You have hooves in place of feet.
You frequently emit foul miasma when damaged in melee.
You are powered by pain.
Your magical and physical power is greatly enhanced at high health.
When seriously injured, your blood forms very thick armour. (AC +0)
Armour fits poorly on your strangely shaped body.
You are dopey. (Int -2)


Message History

(D) Dungeon (T) Temple (L) Lair (S) Swamp (P) Snake Pit (M) Slime Pits (O) Orcish Mines (E) Elven Halls (V) Vaults (C) Crypt (U) Depths (H) Hell (Z) Zot
Where to? (Enter - D:5, ? - help)
There is an open door here.
There is a stone staircase leading up here.
You fly upwards.
There is a stone staircase leading down here.
(D) Dungeon (T) Temple (L) Lair (S) Swamp (P) Snake Pit (M) Slime Pits (O) Orcish Mines (E) Elven Halls (V) Vaults (C) Crypt (U) Depths (H) Hell (Z) Zot
Where to? (Enter - D:4, ? - help)
There is an open door here.
There is a stone staircase leading up here.
You fly upwards.
There is a stone staircase leading down here.
(D) Dungeon (T) Temple (L) Lair (S) Swamp (P) Snake Pit (M) Slime Pits (O) Orcish Mines (E) Elven Halls (V) Vaults (C) Crypt (U) Depths (H) Hell (Z) Zot
Where to? (Enter - D:3, ? - help)
There is a stone staircase leading up here.
You fly upwards.
There is a stone staircase leading down here.
(D) Dungeon (T) Temple (L) Lair (S) Swamp (P) Snake Pit (M) Slime Pits (O) Orcish Mines (E) Elven Halls (V) Vaults (C) Crypt (U) Depths (H) Hell (Z) Zot
Where to? (Enter - D:2, ? - help)
There is a stone staircase leading up here.
You fly upwards.
There is a stone staircase leading down here.
Things that are here:
a +0 spear; a gnoll skeleton A large abomination comes into view.
You see here a +0 whip.
There is a staircase leading out of the dungeon here.
You have escaped!

#####...#...##~~≈#
#.....#.'...'~≈≈≈#
#.#######...##~≈≈#
###.# ##..X#.≈~#
....# #...##.~#
##### ##...#.~#
#..)##># ##...###
##.@.# #####


You could see a large abomination.

Vanquished Creatures
  A pandemonium lord (Zot:1)
  2 dread liches
  An ancient lich (Zot:5)
  9 orbs of fire (Zot:5)
  Mara (Swamp:3)
  A juggernaut (Zot:1)
  A Killer Klown (Zot:5)
  5 golden dragons
  5 curse toes (Zot:5)
  2 bone dragons (Depths:4)
  2 electric golems
  15 tentacled monstrosities
  Jorgrun (Orc:1)
  Mlioglotl (Swamp:1)
  Asterion (Vaults:1)
  A deep elf blademaster (Elf:3)
  2 liches (Depths:2)
  5 titans
  A quicksilver dragon (shapeshifter) (Vaults:5)
  20 Orb Guardians (Zot:5)
  4 quicksilver dragons
  Gastronok (D:9)
  6 sphinxes
  2 death cobs
  Agnes (Snake:1)
  Frances (Snake:1)
  7 storm dragons
  A thorn hunter (Swamp:3)
  A fenstrider witch (Swamp:1)
  Kirke (D:13)
  7 tengu reavers
  7 shadow dragons
  5 nagarajas
  7 draconian monks
  A draconian knight (Zot:4)
  4 fire giants
  4 deep elf sorcerers (Elf:3)
  4 frost giants
  8 ghost moths
  4 draconian scorchers
  A balrug (Depths:4)
  5 vault wardens
  A caustic shrike zombie (Depths:3)
  3 imperial myrmidons (Desolation)
  Louise (Depths:1)
  2 draconian shifters
  4 orc warlords
  3 deep elf elementalists (Elf:3)
  5 draconian annihilators
  10 ironbound preservers
  4 ironbound thunderhulks
  2 war gargoyles (Vaults:1)
  7 stone giants
  12 very ugly things
  3 deep elf demonologists (Elf:3)
  5 grey draconians (Zot:1)
  9 green draconians
  Nessos (Lair:4)
  4 vampire knights
  6 dire elephants
  12 red draconians
  7 eleionomae
  6 black draconians
  A deep elf annihilator (Elf:3)
  2 bunyips
  A minotaur (Gauntlet)
  7 white draconians
  6 yellow draconians
  2 spark wasps
  A crystal guardian (Desolation)
  4 purple draconians
  6 deep elf death magi
  4 ettins
  3 fire dragons
  11 yaktaur captains
  2 deep elf high priests (Vaults:5)
  Josephine (D:10)
  7 ragged hierophants (Desolation)
  2 servants of whispers (Desolation)
  An entropy weaver (Gauntlet)
  2 great orbs of eyes
  A caustic shrike simulacrum (Depths:3)
  2 shambling mangroves
  2 peacekeepers
  A salamander tyrant (Snake:4)
  A quicksilver dragon skeleton (D:15)
  2 rakshasas
  A hydra (shapeshifter) (Vaults:5)
  3 ghost crabs
  6 ice dragons
  2 ogre magi (Orc:2)
  5 ironbound frosthearts
  4 spriggan air magi
  5 anacondas
  32 vault guards
  11 centaur warriors
  28 hydras
  4 boulder beetles
  8 dancing weapons
  3 catoblepae
  10 alligators
  10 two-headed ogres
  3 death yaks (Lair:5)
  10 naga warriors
  2 vampire magi
  An orc high priest (Elf:1)
  3 shock serpents (Snake:2)
  9 tengu warriors
  3 deep troll shamans (Depths:2)
  9 naga sharpshooters
  11 deep elf knights
  Nergalle (D:11)
  A shock serpent (shapeshifter) (Vaults:5)
  7 spriggan berserkers
  2 sun demons (Depths:4)
  A hell knight (Depths:4)
  Sonja (D:11)
  21 spriggans
  6 spriggan druids
  2 iron trolls (Depths:2)
  3 salamander mystics
  5 glowing orange brains
  A sixfirhy (Zot:1)
  2 skeletal warriors (D:15)
  2 death drakes (Swamp:1)
  A spark wasp zombie (Depths:1)
  A skyshark (Lair:2)
  13 swamp dragons
  A golden dragon zombie (D:15)
  7 deep elf archers
  3 goliath frogs
  5 bog bodies
  5 lindwurms
  13 orc knights
  15 ironbound convokers
  7 phantasmal warriors
  A flayed ghost (Vaults:5)
  An orange crystal statue (Zot:5)
  31 deep trolls
  4 naga ritualists
  9 wizards
  Pikel (D:8)
  8 necromancers
  8 deep elf zephyrmancers (Elf:1)
  9 harpies
  14 deep elf pyromancers
  A mana viper (shapeshifter) (Depths:4)
  A tengu skeleton (Depths:3)
  An oklob plant (Lair:4)
  3 will-o-the-wisps
  5 mana vipers
  12 manticores
  39 ugly things
  3 wolf spiders (Lair:5)
  A stone giant zombie (D:15)
  6 salamanders
  10 vault sentinels
  A nameless horror (Elf:2)
  5 cyclopes
  9 elephants
  18 moths of wrath
  A rust devil (Depths:2)
  34 black mambas
  9 naga magi
  A fire giant skeleton (Depths:1)
  A stone giant skeleton (D:15)
  6 torpor snails (Lair:5)
  A molten gargoyle (Desolation)
  Maurice (D:10)
  A guardian serpent (Snake:3)
  Maggie (D:9)
  3 gargoyles
  12 cane toads
  An unseen horror (D:13)
  2 efreet (D:15)
  A spriggan skeleton (Depths:1)
  A rime drake (shapeshifter) (Elf:2)
  3 rime drakes
  12 komodo dragons
  A kobold demonologist (D:10)
  A tormentor (Depths:2)
  5 tengu conjurers
  2 freezing wraiths
  14 yaktaurs
  An ice devil (Depths:2)
  2 queen bees
  A tyrant leech (shapeshifter) (Depths:2)
  3 meliai (D:13)
  17 trolls
  A human skeleton (Vaults:4)
  A troll (shapeshifter) (D:15)
  3 bloated husks
  A tengu simulacrum (Depths:3)
  13 tyrant leeches
  2 polar bears
  22 saltlings
  28 hornets
  13 dream sheep
  12 blink frogs
  A jumping spider (shapeshifter) (D:13)
  2 air elementals
  A stone giant simulacrum (Vaults:4)
  14 slime creatures
  5 wyverns
  2 vampires
  58 yaks
  4 shadows
  5 wraiths
  2 fire elementals
  A redback (shapeshifter) (Vaults:5)
  3 hogs (D:13)
  6 basilisks
  3 wargs
  3 steam dragons
  Grum (D:8)
  A redback (Gauntlet)
  3 vampire mosquitoes (Swamp:3)
  2 acid dragons
  27 nagas
  21 swamp worms
  22 water moccasins
  A water moccasin (shapeshifter) (Depths:3)
  A floating eye (shapeshifter) (Vaults:5)
  7 swamp drakes
  2 sky beasts (D:6)
  4 black bears
  33 orc warriors
  20 ogres
  A boggart (Vaults:1)
  5 centaurs
  4 phantoms
  16 wolves
  4 lemures (D:8)
  2 kobold brigands
  2 necrophages
  9 bullfrogs
  A wyvern zombie (D:9)
  A gnoll sergeant (D:12)
  2 scorpions
  8 wights
  36 killer bees
  2 howler monkeys
  4 electric eels
  2 human simulacra (Vaults:4)
  A hound (D:5)
  12 jellies
  9 orc priests
  Natasha (twice) (D:4)
  A gnoll bouda (D:7)
  21 orc wizards
  4 iguanas
  A hell rat (Lair:3)
  8 mummies (Ossuary)
  A howler monkey zombie (D:9)
  9 gnolls
  15 adders
  A shadow imp (D:6)
  13 white imps
  2 ufetubi
  A dart slug (D:2)
  77 orcs
  3 ball pythons
  3 bats
  17 endoplasms
  3 giant cockroaches
  11 goblins
  5 hobgoblins
  4 jackals (D:2)
  14 kobolds
  A quokka (D:1)
  3 frilled lizards
  3 gnoll zombies (Ossuary)
  2 hobgoblin zombies (Ossuary)
  2 kobold zombies (Ossuary)
  An orc zombie (Ossuary)
  2 rats
1688 creatures vanquished.

Vanquished Creatures (collateral kills)
  An orb of fire (Zot:1)
  An ancient lich (Vaults:5)
  Frederick (Vaults:2)
  Saint Roka (Vaults:2)
  2 Killer Klowns (Zot:5)
  A curse toe (Zot:3)
  3 electric golems
  9 tentacled monstrosities
  5 Orb Guardians (Zot:5)
  A titan (Vaults:5)
  2 deep elf master archers (Elf:3)
  3 quicksilver dragons
  2 deep elf blademasters (Elf:3)
  An ancient champion (Vaults:3)
  A tengu reaver (Vaults:5)
  2 draconian monks (Zot:5)
  8 shadow dragons
  2 storm dragons (Zot:4)
  A draconian knight (Zot:1)
  A fire giant (Depths:3)
  4 frost giants
  A draconian scorcher (Depths:4)
  7 vault wardens
  15 nagarajas (Snake:4)
  2 deep elf sorcerers (Elf:3)
  An imperial myrmidon (Desolation)
  Aizul (Elf:2)
  3 deep elf elementalists (Elf:3)
  A juggernaut zombie (Depths:2)
  A draconian shifter (Zot:5)
  3 draconian annihilators
  13 ironbound preservers
  4 war gargoyles
  3 very ugly things
  5 ironbound thunderhulks
  6 green draconians
  10 stone giants
  A deep elf demonologist (Vaults:3)
  A stone giant (shapeshifter) (Depths:4)
  An eleionoma (shapeshifter) (Vaults:5)
  3 black draconians
  3 deep elf annihilators (Elf:3)
  3 white draconians
  4 red draconians
  4 yellow draconians
  3 purple draconians
  2 spark wasps (Depths:3)
  8 dire elephants
  4 ettins
  2 deep elf death magi
  A crystal guardian (Vaults:4)
  6 great orbs of eyes
  7 fire dragons
  A jiangshi (Vaults:3)
  5 deep elf high priests
  2 ragged hierophants (Desolation)
  An entropy weaver (Vaults:3)
  7 yaktaur captains
  A great orb of eyes (shapeshifter) (Vaults:5)
  2 servants of whispers
  3 vault guards
  4 ironbound frosthearts
  A hydra (Depths:1)
  5 peacekeepers
  4 centaur warriors
  A death knight (Vaults:3)
  8 dancing weapons
  2 tengu warriors
  3 deep troll shamans
  5 naga warriors (Snake:4)
  A vampire mage (Depths:3)
  A deep troll earth mage (Vaults:3)
  A spriggan berserker (Depths:1)
  A spriggan (Depths:4)
  A naga sharpshooter (Snake:4)
  5 deep elf knights
  5 hell knights (Depths:4)
  A sun demon (Depths:4)
  2 iron trolls
  A spark wasp zombie (Depths:2)
  17 deep trolls
  4 ironbound convokers
  3 naga ritualists (Snake:4)
  4 wizards
  10 deep elf archers
  5 slime creatures
  2 harpies
  A tengu zombie (Depths:2)
  2 necromancers
  3 orc knights
  9 lindwurms
  16 ugly things
  A harpy (shapeshifter) (Elf:1)
  11 deep elf pyromancers
  8 deep elf zephyrmancers
  7 salamanders
  An orc sorcerer (Elf:1)
  A sphinx skeleton (Depths:2)
  7 moths of wrath
  A black mamba (Snake:4)
  2 guardian serpents
  6 vault sentinels
  An orange demon (Depths:4)
  A freezing wraith (Vaults:5)
  A troll (shapeshifter) (Elf:3)
  3 tengu conjurers
  25 saltlings
  A troll (Vaults:2)
  A hornet (Depths:4)
  5 water elementals
  A fire elemental (Elf:2)
  2 spriggan skeletons
  A neqoxec (Depths:2)
  A chaos spawn (Zot:3)
  4 nagas (Snake:4)
  3 hell hounds (Depths:1)
  A human skeleton (Depths:1)
  2 black bears (shapeshifter)
  An orc warrior (Vaults:2)
  An ogre (Vaults:2)
  An earth elemental (Elf:2)
  A white imp (Zot:1)
  A worm (shapeshifter) (Vaults:5)
  An orc (Vaults:2)
435 creatures vanquished.

Vanquished Creatures (others)
  2 naga sharpshooters (Snake:4)
  A naga warrior (Snake:4)
  A guardian serpent (Snake:4)
  A killer bee (Lair:3)
  A bush (Lair:4)
  24 demonic plants (Gauntlet)
  94 fire vortices
  12 foxfires
  344 fulminant prisms
  47 fungi
  92 plants
  5 withered plants (D:15)
624 creatures vanquished.

Grand Total: 2747 creatures vanquished

Notes
Turn   | Place    | Note
-------+----------+-------------------------------------------
     0 | D:1      | bakla the Demonspawn Conjurer began the quest for the Orb.
     0 | D:1      | Reached XP level 1. HP: 13/13 MP: 3/3
   191 | D:1      | Found a faded altar of an unknown god.
   702 | D:1      | Gained mutation: When seriously injured, your blood forms
                  | armour. (AC +0) [demonic ancestry]
   702 | D:1      | Reached XP level 2. HP: 20/20 MP: 1/5
   926 | D:2      | Found a radiant altar of Vehumet.
   930 | D:2      | Learned a level 2 spell: Searing Ray
   962 | D:2      | Reached skill level 1 in Fighting
  1427 | D:2      | Gained mutation: When seriously injured, your blood forms
                  | thick armour. (AC +0) [demonic ancestry]
  1427 | D:2      | Reached XP level 3. HP: 26/26 MP: 3/6
  2365 | D:3      | Reached XP level 4. HP: 33/33 MP: 4/8
  2927 | D:4      | Noticed a necrophage
  2961 | D:4      | Found a shadowy altar of Dithmenos.
  2961 | D:4      | Found a broken altar of Ashenzari.
  2962 | D:4      | Found a radiant altar of Vehumet.
  2974 | D:4      | Became a worshipper of Vehumet
  3038 | D:4      | Found Hoytzigh's Antique Weapon Shoppe.
  3120 | D:4      | Noticed a phantom
  3136 | D:4      | Killed a phantom
  3137 | D:4      | Reached skill level 5 in Conjurations
  3137 | D:4      | Gained mutation: You sometimes gain a little power by
                  | taking damage. [demonic ancestry]
  3137 | D:4      | Reached XP level 5. HP: 20/40 MP: 3/10
  3241 | D:4      | Gained mutation: You may rarely emit foul miasma when
                  | damaged in melee. [demonic ancestry]
  3241 | D:4      | Reached XP level 6. HP: 41/47 MP: 4/11
  3937 | D:4      | Noticed Natasha
  3944 | D:4      | Killed Natasha
  4022 | D:4      | Found a sparkling altar of Nemelex Xobeh.
  4352 | D:5      | Entered Level 5 of the Dungeon
  4391 | D:4      | Noticed Natasha
  4676 | D:4      | Killed Natasha
  4688 | D:4      | Learned a level 4 spell: Fulminant Prism
  4749 | D:5      | Reached skill level 1 in Hexes
  4749 | D:5      | Gained mutation: You have large cloven feet. [demonic
                  | ancestry]
  4749 | D:5      | Reached XP level 7. HP: 46/54 MP: 7/13
  5199 | D:5      | Reached skill level 5 in Fighting
  5604 | D:5      | Learned a level 3 spell: Dazzling Flash
  5669 | D:6      | Reached XP level 8. HP: 19/62 MP: 3/14
  6005 | D:6      | Reached * piety under Vehumet
  6005 | D:6      | Offered knowledge of Shock by Vehumet.
  6073 | D:6      | Found an ornate altar of the Wu Jian Council.
  6075 | D:6      | Found Nazok's Magic Scroll Shop.
  6114 | D:6      | Found a blossoming altar of Fedhas.
  6192 | D:6      | Found a staircase to the Ecumenical Temple.
  6371 | D:6      | Found a runed translucent door.
  7180 | D:7      | Found Mutisin's Book Emporium.
  7310 | D:7      | Reached skill level 5 in Spellcasting
  7326 | D:7      | Gained mutation: You sometimes gain power by taking damage.
                  | [demonic ancestry]
  7326 | D:7      | Reached XP level 9. HP: 46/71 MP: 2/16
  7911 | D:7      | Found a bloodstained altar of Trog.
  8198 | D:7      | Learned a level 4 spell: Iskenderun's Mystic Blast
  8205 | D:8      | Found a sand-covered staircase.
  8212 | Ossuary  | Entered an ossuary
  8681 | D:8      | Noticed Grum
  8684 | D:8      | Reached skill level 1 in Translocations
  8688 | D:8      | Killed Grum
  8688 | D:8      | Offered knowledge of Momentum Strike by Vehumet.
  9202 | D:8      | Found a shimmering blue altar of Sif Muna.
  9244 | D:8      | Noticed Pikel
  9255 | D:8      | Killed Pikel
  9255 | D:8      | Reached ** piety under Vehumet
  9285 | D:8      | Found an iron altar of Okawaru.
  9340 | D:8      | Noticed a two-headed ogre
  9351 | D:8      | Killed a two-headed ogre
  9352 | D:8      | Gained mutation: You are powered by pain. [demonic
                  | ancestry]
  9352 | D:8      | Reached XP level 10. HP: 61/80 MP: 4/19
  9508 | D:8      | Found Baotteu's Assorted Antiques.
  9515 | D:8      | Bought a glowing cabochon ring for 110 gold pieces
  9515 | D:8      | Bought a scroll labelled CUUCOA SOEXEI for 22 gold pieces
  9860 | D:8      | Reached skill level 5 in Dodging
 10564 | D:9      | Reached skill level 10 in Conjurations
 10662 | D:9      | Offered knowledge of Static Discharge by Vehumet.
 10667 | D:9      | Noticed Gastronok
 10695 | D:9      | Killed Gastronok
 10990 | D:9      | Reached XP level 11. HP: 89/89 MP: 18/20
 10997 | D:9      | Noticed Psyche
 11113 | D:9      | Found a staircase to the Lair.
 11684 | D:9      | Found a basalt altar of Yredelemnul.
 11825 | D:10     | Entered Level 10 of the Dungeon
 11825 | D:10     | Found an ancient bone altar of Kikubaaqudgha.
 11884 | D:10     | Noticed Maggie
 11891 | D:10     | Noticed Josephine
 11896 | D:9      | Killed Maggie
 11954 | D:10     | Found a shimmering altar of Xom.
 11954 | D:10     | Found a shimmering altar of Xom.
 11956 | D:10     | Found a shimmering altar of Xom.
 11988 | D:10     | Noticed Maurice
 12007 | D:10     | Killed Maurice
 12008 | D:10     | Reached skill level 10 in Fighting
 12043 | D:10     | Found a portal to a secret trove of treasure.
 12057 | D:10     | Reached *** piety under Vehumet
 12220 | D:10     | Killed Josephine
 12273 | D:10     | Found a flagged portal.
 12275 | D:10     | Offered knowledge of Inner Flame by Vehumet.
 12280 | Bailey   | Entered a bailey
 12441 | Bailey   | Learned a level 3 spell: Inner Flame
 12773 | Bailey   | Noticed an orc knight
 12776 | Bailey   | Reached **** piety under Vehumet
 12779 | Bailey   | Offered knowledge of Frozen Ramparts by Vehumet.
 12801 | Bailey   | Killed an orc knight
 13069 | D:10     | Found a staircase to the Orcish Mines.
 13521 | Lair:1   | Entered Level 1 of the Lair of Beasts
 13578 | Lair:1   | Reached skill level 1 in Fire Magic
 13578 | Lair:1   | Reached skill level 1 in Evocations
 13767 | Lair:1   | Noticed a catoblepas
 13793 | Lair:1   | Killed a catoblepas
 13943 | Lair:1   | Noticed a five-headed hydra
 13947 | Lair:1   | Noticed Qylualu's ghost (journeyman MiBe)
 13964 | Lair:1   | Reached XP level 12. HP: 87/97 MP: 15/21
 14020 | Lair:1   | Noticed a four-headed hydra
 14027 | Lair:1   | Killed a four-headed hydra
 14028 | Lair:1   | Reached skill level 2 in Fire Magic
 14712 | Lair:1   | Found a transporter.
 14774 | Lair:1   | Reached skill level 3 in Fire Magic
 14814 | Lair:1   | Learned a level 3 spell: Frozen Ramparts
 15351 | Lair:1   | Found a transporter.
 15787 | Lair:2   | Noticed a boulder beetle
 15807 | Lair:2   | Killed a boulder beetle
 15808 | Lair:2   | Reached skill level 4 in Fire Magic
 16047 | Lair:2   | Reached skill level 5 in Evocations
 16321 | Lair:2   | Found a staircase to the Swamp.
 16397 | Lair:2   | Found a staircase to the Snake Pit.
 16408 | Lair:2   | Reached skill level 5 in Fire Magic
 16599 | Lair:2   | Noticed a boulder beetle
 16620 | Lair:2   | Killed a boulder beetle
 16801 | Lair:2   | Noticed an eight-headed hydra
 16808 | Lair:2   | Killed an eight-headed hydra
 16830 | Lair:2   | Found the +8 whip "Snakebite" {venom, curare, rPois}
 17181 | Lair:3   | Reached ***** piety under Vehumet
 17313 | Lair:3   | Offered knowledge of Orb of Destruction by Vehumet.
 17314 | Lair:3   | Gained mutation: You have hoof-like feet. [demonic
                  | ancestry]
 17314 | Lair:3   | Reached XP level 13. HP: 77/103 MP: 14/22
 17319 | Lair:3   | Reached skill level 6 in Fire Magic
 17344 | Lair:3   | Learned a level 7 spell: Orb of Destruction
 17471 | Lair:3   | Found a gate leading to a gauntlet.
 17481 | Lair:3   | Found a runed translucent door.
 17484 | Gauntlet | Entered a Gauntlet
 17484 | Gauntlet | Found a large runed translucent door.
 17484 | Gauntlet | Found a large runed translucent door.
 17484 | Gauntlet | Found a large runed translucent door.
 17484 | Gauntlet | Found a large runed translucent door.
 17484 | Gauntlet | Found a large runed translucent door.
 17484 | Gauntlet | Found a large runed translucent door.
 17484 | Gauntlet | Found a runed translucent door.
 17484 | Gauntlet | Found a transporter.
 17484 | Gauntlet | Found a transporter.
 17484 | Gauntlet | Found a runed translucent door.
 17484 | Gauntlet | Found a large runed translucent door.
 17484 | Gauntlet | Found a large runed translucent door.
 17484 | Gauntlet | Found a large runed translucent door.
 17484 | Gauntlet | Found a large runed translucent door.
 17484 | Gauntlet | Found a large runed translucent door.
 17484 | Gauntlet | Found a large runed translucent door.
 17652 | Gauntlet | Found a transporter.
 17652 | Gauntlet | Found a transporter.
 17661 | Gauntlet | Found a transporter.
 17680 | Gauntlet | Found a transporter.
 17687 | Gauntlet | Found a transporter.
 17690 | Gauntlet | Found a transporter.
 17714 | Gauntlet | Found a transporter.
 17721 | Gauntlet | Found a transporter.
 17733 | Gauntlet | Found a transporter.
 17746 | Gauntlet | Found a large runed translucent door.
 17747 | Gauntlet | Found a large runed translucent door.
 17749 | Gauntlet | Found a runed translucent gate.
 17750 | Gauntlet | Found a runed translucent gate.
 17751 | Gauntlet | Found a transporter.
 17751 | Gauntlet | Found a runed translucent gate.
 17769 | Gauntlet | Found a large runed translucent door.
 17770 | Gauntlet | Found a large runed translucent door.
 17797 | Gauntlet | Found a transporter.
 17811 | Gauntlet | Found a transporter.
 17912 | Gauntlet | Found a transporter.
 17928 | Gauntlet | Found a transporter.
 18548 | Gauntlet | Identified the +0 helmet of Hedging {rF++}
 18599 | Gauntlet | Identified the +3 shortbow of Integrity {heavy, Str+4 Dex-5
                  | SInv}
 18599 | Gauntlet | Noticed a minotaur
 18606 | Gauntlet | Killed a minotaur
 18816 | Gauntlet | Identified the +0 cloak of Articulation {Str+3}
 18848 | Lair:3   | Identified the +2 cloak of Amenwygg {Int+6 Dex+4}
 18941 | Lair:3   | Noticed Ceno's ghost (journeyman TeRe)
 19376 | Lair:3   | Reached skill level 7 in Fire Magic
 20042 | Lair:4   | Noticed Nessos
 20058 | Lair:4   | Killed Nessos
 20270 | Lair:4   | Reached skill level 8 in Fire Magic
 20674 | Lair:4   | Found a staircase to the Slime Pits.
 20939 | Lair:5   | Entered Level 5 of the Lair of Beasts
 20941 | Lair:5   | Offered knowledge of Eringya's Noxious Bog by Vehumet.
 21066 | Lair:5   | Gained mutation: Your magical and physical power is
                  | slightly enhanced at high health. [demonic ancestry]
 21066 | Lair:5   | Reached XP level 14. HP: 98/110 MP: 18/26
 21129 | Lair:5   | Found a runed translucent door.
 21228 | Lair:5   | Reached skill level 10 in Dodging
 21766 | Lair:5   | Reached skill level 9 in Fire Magic
 22025 | Lair:5   | Offered knowledge of Freezing Cloud by Vehumet.
 22151 | Lair:5   | Reached skill level 10 in Spellcasting
 22153 | Lair:5   | Reached skill level 10 in Fire Magic
 23089 | Lair:5   | Reached skill level 11 in Fire Magic
 23624 | D:11     | Noticed Nergalle
 23632 | D:11     | Killed Nergalle
 23975 | D:11     | Found Ryic Cajo's Assorted Antiques.
 24080 | D:11     | Reached skill level 12 in Fire Magic
 24080 | D:11     | Reached XP level 15. HP: 113/113 MP: 29/29
 24085 | D:11     | Found a sparkling altar of Nemelex Xobeh.
 24120 | D:11     | Noticed Sonja
 24157 | D:11     | Killed Sonja
 24579 | D:12     | Offered knowledge of Yara's Violent Unravelling by Vehumet.
 24605 | D:12     | Reached skill level 13 in Fire Magic
 24648 | D:12     | You fall into a shaft and drop 1 floor!
 24925 | D:12     | Identified the +3 bardiche of Piluv {drain, *Slow rElec
                  | rPois Str+5}
 25314 | D:13     | Gained mutation: You sometimes emit foul miasma when
                  | damaged in melee. [demonic ancestry]
 25314 | D:13     | Reached XP level 16. HP: 47/122 MP: 30/30
 26131 | D:13     | Noticed Kirke
 26137 | D:13     | Killed Kirke
 26156 | D:13     | Reached skill level 1 in Armour
 26373 | D:13     | Identified a scroll of acquirement
 26374 | D:13     | Acquired the ring of Pegel {Fly rElec rPois AC+4 Str-2}
 27434 | D:14     | Found a gate to the Vaults.
 27731 | D:15     | Entered Level 15 of the Dungeon
 27803 | D:15     | Learned a level 5 spell: Yara's Violent Unravelling
 28269 | D:15     | Found a staircase to the Depths.
 28874 | Orc:1    | Entered Level 1 of the Orcish Mines
 28908 | Orc:1    | Offered knowledge of Fireball by Vehumet.
 28975 | Orc:1    | Found an ornate altar of the Wu Jian Council.
 28976 | Orc:1    | Found a transporter.
 28990 | Orc:1    | Found a transporter.
 29002 | Orc:1    | Found a transporter.
 29022 | Orc:1    | Found a transporter.
 29023 | Orc:1    | Found an ornate altar of the Wu Jian Council.
 29084 | Orc:1    | Reached skill level 14 in Fire Magic
 29897 | Orc:1    | Found Vocem's Armour Emporium.
 29902 | Orc:1    | Bought the +0 helmet "Hisaxt" {rF- Will+ Regen+ SInv} for
                  | 200 gold pieces
 29981 | Orc:2    | Entered Level 2 of the Orcish Mines
 30586 | Orc:2    | Reached skill level 5 in Armour
 30986 | Orc:2    | Found Milievai's Assorted Antiques.
 31022 | Orc:2    | Found Illegh's Magic Scroll Shoppe.
 31025 | Orc:2    | Bought a pair of glowing gloves for 232 gold pieces
 31029 | Orc:2    | Found Hius's Magic Scroll Shop.
 31030 | Orc:2    | Found Wocel's Antique Armour Shop.
 31043 | Orc:2    | Bought a pair of runed gloves for 217 gold pieces
 31064 | Orc:2    | Bought a scroll of blinking for 105 gold pieces
 31070 | Orc:2    | Bought a scroll of blinking for 75 gold pieces
 31070 | Orc:2    | Bought a scroll of poison for 40 gold pieces
 31070 | Orc:2    | Bought a scroll of immolation for 40 gold pieces
 31070 | Orc:2    | Bought a scroll of teleportation for 30 gold pieces
 31090 | Orc:2    | Found a staircase to the Elven Halls.
 31689 | Orc:1    | Noticed Jorgrun
 31698 | Orc:1    | Killed Jorgrun
 31707 | Orc:1    | Offered knowledge of Iskenderun's Battlesphere by Vehumet.
 31804 | Orc:1    | Found a burning altar of Makhleb.
 32075 | D:10     | Learned a level 5 spell: Iskenderun's Battlesphere
 32176 | Swamp:1  | Entered Level 1 of the Swamp
 32176 | Swamp:1  | Noticed Mlioglotl
 32183 | Swamp:1  | Killed Mlioglotl
 32377 | Swamp:1  | Reached XP level 17. HP: 119/133 MP: 7/33
 32704 | Swamp:1  | Acquired a staff of conjuration
 32805 | Swamp:1  | Identified the +11 mace "Sielal" {heavy, *Rage rPois rCorr
                  | Int+6}
 33430 | Swamp:2  | You are sucked into a shaft and drop 1 floor!
 33455 | Swamp:3  | Noticed Mara
 33460 | Swamp:3  | Killed Mara
 33985 | Swamp:4  | Entered Level 4 of the Swamp
 34124 | Swamp:2  | Offered knowledge of Starburst by Vehumet.
 34385 | Swamp:2  | Found a shimmering altar of Xom.
 34864 | Swamp:4  | Reached skill level 15 in Conjurations
 35816 | Swamp:4  | Got a decaying rune of Zot
 35868 | Swamp:4  | Reached XP level 18. HP: 125/144 MP: 22/35
 36489 | Snake:1  | Entered Level 1 of the Snake Pit
 36523 | Snake:1  | Identified Roxanne's Octavo of Cleavage
 36523 | Snake:1  | Noticed Roxanne
 36534 | Snake:1  | Noticed Agnes
 36539 | Snake:1  | Killed Agnes
 36783 | Snake:1  | Reached ****** piety under Vehumet
 36836 | Snake:1  | Offered knowledge of Fire Storm by Vehumet.
 36836 | Snake:1  | Offered knowledge of Shatter by Vehumet.
 36836 | Snake:1  | Offered knowledge of Ignition by Vehumet.
 37336 | Snake:1  | Identified the +2 robe of the Vaults {rN+}
 38003 | Snake:2  | Noticed Frances
 38016 | Snake:1  | Killed Frances
 39030 | Snake:2  | Identified the +9 rapier of Taxation {freeze, Will+ Str-3
                  | Stlth+}
 40052 | Snake:3  | Found Cutarud's Assorted Antiques.
 40062 | Snake:3  | Bought a scroll of magic mapping for 172 gold pieces
 40279 | Snake:4  | Entered Level 4 of the Snake Pit
 40283 | Snake:4  | Acquired 834 gold pieces
 40293 | Snake:4  | Found Gija's Jewellery Shoppe.
 40479 | Snake:4  | Learned a level 7 spell: Spellforged Servitor
 40831 | Snake:4  | Reached skill level 1 in Summonings
 40925 | Snake:4  | Reached skill level 5 in Summonings
 41352 | Snake:4  | Gained mutation: You have hooves in place of feet. [demonic
                  | ancestry]
 41352 | Snake:4  | Reached XP level 19. HP: 152/152 MP: 35/37
 42255 | Snake:4  | Got a serpentine rune of Zot
 42721 | Elf:1    | Entered Level 1 of the Elven Halls
 43894 | Elf:1    | Learned a level 6 spell: Iron Shot
 44046 | Elf:1    | Reached skill level 15 in Fire Magic
 44648 | Elf:1    | Reached skill level 15 in Fighting
 44782 | Elf:2    | Noticed Aizul
 44790 | Elf:2    | Killed Aizul
 45159 | Elf:2    | Found Qolunla's Jewellery Shop.
 45173 | Elf:2    | Found Fasousire's Book Emporium.
 45174 | Elf:2    | Found Uxtaluiw's Jewellery Shop.
 45281 | Elf:2    | Identified the +2 great sword "Qene" {freeze, rElec Will+
                  | Int+4 Dex-5}
 46006 | Elf:2    | Reached skill level 15 in Spellcasting
 46229 | Elf:2    | Found a huge runed translucent gate.
 46229 | Elf:2    | Found a huge runed translucent gate.
 46229 | Elf:2    | Found a huge runed translucent gate.
 46231 | Elf:2    | Found a huge runed translucent gate.
 46233 | Elf:2    | Found a huge runed translucent gate.
 46273 | Elf:3    | Entered Level 3 of the Elven Halls
 46273 | Elf:3    | Found Saanoif's Jewellery Shoppe.
 46794 | Elf:3    | Reached skill level 16 in Fire Magic
 46985 | Elf:3    | Identified the +7 battleaxe "Qiplioh" {drain, Dex+4}
 47044 | Elf:3    | Identified the +1 leather armour of Poor Excuses {Dex+2}
 47162 | Elf:3    | Found a shimmering blue altar of Sif Muna.
 47356 | Elf:3    | Identified the +3 scale mail "Xeatacyk" {-Tele +Inv rN+
                  | Slay+4}
 47443 | Elf:3    | Gained mutation: You frequently emit foul miasma when
                  | damaged in melee. [demonic ancestry]
 47443 | Elf:3    | Reached XP level 20. HP: 152/162 MP: 36/39
 47493 | Elf:3    | Identified the +9 war axe of Riast {heavy, Contam rPois
                  | rF+}
 47535 | Elf:3    | Got the Incunabulum of the Snake
 47541 | Elf:3    | Got the Elucidation of Percussion
 47582 | Elf:3    | Got the Almanac of Displaced Generation
 47588 | Elf:3    | Identified the +5 shortbow of Foolhardiness {flame,
                  | *Corrode *Slow rF++ Dex+3}
 47591 | Elf:3    | Identified the +1 arbalest of the Realm of Zot {freeze,
                  | Fly}
 47662 | Elf:3    | Got the Treatise on Frigid Modification
 48042 | Elf:2    | Bought the ring of Cucosouv {rC+ rN+ Str+2 Stlth+} for 492
                  | gold pieces
 48315 | Vaults:1 | Entered Level 1 of the Vaults
 48524 | Vaults:1 | Noticed Asterion
 48530 | Vaults:1 | Killed Asterion
 48531 | Vaults:1 | Reached skill level 17 in Fire Magic
 48571 | Vaults:1 | Paralysed by a great orb of eyes for 5 turns
 48602 | Vaults:1 | Paralysed by a great orb of eyes for 4 turns
 48721 | Vaults:1 | Found a crumbling gateway.
 48760 | Desolati | Entered the Desolation of Salt
 49328 | Desolati | Identified the ring "Puin" {rF+ Dex+4 Slay+4}
 49530 | Desolati | Got the Monograph on the Valley and the Salamander
 49535 | Desolati | Got the Textbook on Evil Contaminants
 49645 | Desolati | Got Sees's Atlas of Places
 49717 | Desolati | Identified the amulet "Caejiqie" {RegenMP rPois rCorr Int+2
                  | Dex+7}
 49753 | Desolati | Got the Tome of the Discontinuous Tempest
 49977 | Desolati | Identified the amulet of Bacih {Spirit rF+ rCorr}
 50260 | Vaults:1 | Got Upomnuto's Essays on the Volley
 51260 | Vaults:1 | Identified the ring of the Saviour {rPois rF+ Will+++ Dex-3
                  | SInv}
 51356 | Vaults:2 | Learned a level 8 spell: Ignition
 51401 | Vaults:2 | Noticed Saint Roka
 51407 | Vaults:2 | Killed Saint Roka
 51408 | Vaults:2 | Gained mutation: Your magical and physical power is
                  | enhanced at high health. [demonic ancestry]
 51408 | Vaults:2 | Reached XP level 21. HP: 173/173 MP: 4/40
 51470 | Vaults:2 | Noticed Frederick
 51476 | Vaults:2 | Killed Frederick
 51477 | Vaults:2 | Reached skill level 18 in Fire Magic
 53917 | Vaults:3 | Identified the +1 chain mail "Gyntiy" {rF+ Int+3}
 53938 | Vaults:3 | Found a staircase to the Crypt.
 53979 | Vaults:3 | Found Micvuesu's Distillery.
 53987 | Vaults:3 | Bought a potion of heal wounds for 100 gold pieces
 53987 | Vaults:3 | Bought a potion of cancellation for 160 gold pieces
 54979 | Vaults:4 | Reached skill level 19 in Fire Magic
 55135 | Vaults:4 | Reached XP level 22. HP: 132/184 MP: 11/41
 55309 | Vaults:4 | Learned a level 9 spell: Fire Storm
 55415 | Vaults:4 | Identified the +1 helmet "Bamymuha" {rC+ rN+}
 56485 | Vaults:5 | Entered Level 5 of the Vaults
 56487 | Vaults:5 | Reached skill level 20 in Fire Magic
 56525 | Vaults:5 | Noticed an ancient lich
 56529 | Vaults:5 | Killed an ancient lich
 56615 | Vaults:5 | Noticed a dread lich
 56621 | Vaults:5 | Killed a dread lich
 57506 | Vaults:5 | Noticed a golden dragon
 57510 | Vaults:5 | Killed a golden dragon
 57514 | Vaults:5 | Reached XP level 23. HP: 190/190 MP: 14/42
 57864 | Vaults:5 | Reached skill level 21 in Fire Magic
 57864 | Vaults:5 | Identified the ring "Mocil" {EV+5 Str+3}
 58311 | Vaults:5 | Identified the +1 scale mail "Asuoz" {rC+}
 58480 | Vaults:5 | Identified the +3 short sword "Joipleav" {freeze, Fly rF-
                  | rC+ Str+5}
 58486 | Vaults:5 | Got a silver rune of Zot
 59169 | Depths:1 | Entered Level 1 of the Depths
 59279 | Depths:1 | Found a gateway to Hell.
 59766 | Depths:1 | Found a one-way gate to the infinite horrors of the Abyss.
 59766 | Depths:1 | Noticed Louise
 59780 | Depths:1 | Killed Louise
 59820 | Depths:1 | Found a hide-covered altar of Uskayaw.
 60530 | Depths:2 | Found a transporter.
 60633 | Depths:2 | Found a one-way gate leading to the halls of Pandemonium.
 60659 | Depths:2 | Found a magical portal.
 60753 | Depths:2 | Reached skill level 22 in Fire Magic
 61044 | Depths:2 | Found a transporter.
 61156 | Depths:2 | Found a transporter.
 61468 | Depths:2 | Found a transporter.
 61476 | Depths:2 | Found a transporter.
 61483 | Depths:2 | Found a transporter.
 62033 | Depths:3 | Gained mutation: When seriously injured, your blood forms
                  | very thick armour. (AC +0) [demonic ancestry]
 62033 | Depths:3 | Reached XP level 24. HP: 197/197 MP: 40/42
 62406 | Depths:3 | Found a one-way gateway to a ziggurat.
 62909 | Depths:4 | Entered Level 4 of the Depths
 63503 | Depths:4 | Found a flickering gateway to a bazaar.
 63513 | Bazaar   | Entered a bazaar
 63513 | Bazaar   | Found Sierphisk's General Store.
 63555 | Bazaar   | Found Ytimub's Antique Weapon Shop.
 63581 | Bazaar   | Found Ducumaesh's Antique Armour Shop.
 63589 | Bazaar   | Acquired the +1 pair of gloves "Kiduosm" {rElec rF+ Dex+3}
 64268 | Depths:4 | Found a gate to the Realm of Zot.
 64690 | Zot:1    | Entered Level 1 of the Realm of Zot
 64713 | Zot:1    | Noticed a juggernaut
 64717 | Zot:1    | Killed a juggernaut
 65071 | Zot:1    | Reached skill level 23 in Fire Magic
 65938 | Zot:1    | Noticed an orb of fire
 65947 | Zot:1    | Killed an orb of fire
 67970 | Zot:2    | Identified the +1 plate armour of Soft Satisfaction {rF+
                  | rC+ Str+3}
 68199 | Zot:3    | Reached XP level 25. HP: 208/208 MP: 24/42
 68458 | Zot:3    | Acquired 564 gold pieces
 69624 | Zot:3    | Identified the +1 flail "Woihiu" {vamp, rCorr Str+2 Stlth+}
 70022 | Zot:4    | Identified the +6 chain mail of a sewer {Will+ Dex+4}
 70678 | Zot:5    | Entered Level 5 of the Realm of Zot
 70706 | Zot:5    | Reached skill level 15 in Dodging
 73378 | Zot:5    | Noticed an orb of fire
 73384 | Zot:5    | Killed an orb of fire
 73384 | Zot:5    | Noticed an orb of fire
 73402 | Zot:5    | Noticed an orb of fire
 73403 | Zot:5    | Killed an orb of fire
 73406 | Zot:5    | Noticed an orb of fire
 73407 | Zot:5    | Killed an orb of fire
 73410 | Zot:5    | Killed an orb of fire
 73410 | Zot:5    | Noticed an orb of fire
 73414 | Zot:5    | Killed an orb of fire
 73424 | Zot:5    | Noticed an orb of fire
 73429 | Zot:5    | Killed an orb of fire
 73433 | Zot:5    | Noticed an orb of fire
 73435 | Zot:5    | Noticed a Killer Klown
 73435 | Zot:5    | Gained mutation: Armour fits poorly on your strangely
                  | shaped body. [an orb of fire]
 73437 | Zot:5    | Killed a Killer Klown
 73438 | Zot:5    | Gained mutation: Your magical and physical power is greatly
                  | enhanced at high health. [demonic ancestry]
 73438 | Zot:5    | Reached XP level 26. HP: 224/224 MP: 32/44
 73439 | Zot:5    | Killed an orb of fire
 73439 | Zot:5    | Noticed an orb of fire
 73443 | Zot:5    | Killed an orb of fire
 73449 | Zot:5    | Noticed a dread lich
 73451 | Zot:5    | Killed a dread lich
 74017 | Zot:5    | Noticed an ancient lich
 74022 | Zot:5    | Killed an ancient lich
 74054 | Zot:5    | Noticed an orb of fire
 74057 | Zot:5    | Killed an orb of fire
 74085 | Zot:5    | Got the Orb of Zot
 74203 | Zot:1    | Noticed Wosmoden the pandemonium lord
 74213 | Zot:1    | Killed Wosmoden the pandemonium lord
 74269 | Depths:4 | Noticed Kiklal the pandemonium lord
 74271 | Depths:4 | Gained mutation: You are dopey. (Int -2) [a neqoxec]
 74272 | Depths:4 | Noticed Zuribb the pandemonium lord
 74277 | Abyss:5  | Cast into level 5 of the Abyss (Kiklal)
 74282 | Depths:4 | Escaped the Abyss
 74782 | D:$      | Escaped with the Orb!

Illustrated notes

Levels and vault maps discovered:
D:1:      evilmike_arrival_crescent, layout_loops_ring, basic_ecumenical_altar
D:2:      layout_loops_cross, basic_altar
D:3:      layout_basic
D:4:      layout_loops_corners, mainiacjoe_overflow_alcove_4, tso_oasis_becter,
          gammafunk_temple_overflow_claw, serial_shops,
          nicolae_shop_hallway_plus, uniq_natasha
D:5:      layout_gridville
D:6:      layout_rooms, fedhas_altar_2, mainiacjoe_overflow_paths,
          minmay_temple_entry_mini_moons, serial_shops, nicolae_take_the_stairs,
          lightli_church_of_beogh
D:7:      layout_cave_pods, trog_book, serial_shops, nicolae_shop_waterfront,
          st_stairs_13
D:8:      layout_loops_corners, okawaru_metal_pillars_1_2, lemuel_crystal_altar,
          nicolae_ossuary_entry_monument, serial_shops,
          nicolae_shop_overgrown_old_shop, uniq_grum, uniq_pikel
D:9:      layout_loops_ring, lemuel_zombie_altar_yredelemnul,
          david_lair_generic, uniq_psyche, uniq_gastronok
D:10:     layout_rooms, xom_redecorated, lemuel_crystal_altar, orc_0_dummy,
          enter_bailey_4, nicolae_trove_entry_isolated, uniq_maurice,
          uniq_maggie, uniq_josephine
D:11:     layout_irregular_city, serial_shops, shop,
          nemelex_xobeh_ov_fountains_minmay, uniq_sonja, uniq_nergalle
D:12:     layout_cave_pools, minmay_pinched_square
D:13:     layout_basic, elyvilon_altar_3, uniq_kirke
D:14:     layout_roguey, david_vaults_1, minmay_orc_keep
D:15:     gammafunk_depths_entry_grave, layout_cave_pools, nicolae_wwwww
Lair:1:   lemuel_slime, layout_gridlike, gammafunk_ghost_arena,
          minmay_stone_trees_small, nzn_random_ring, serial_bayou_shore_a
Lair:2:   minmay_guarded_unrand_snakebite, layout_cellular_growth,
          minmay_swamp_entry_eels, minmay_snake_entry_guardpost_small
Lair:3:   regret_index_bee_streams, layout_misc_corridors,
          gauntlet_entry_generic, ebering_ghost_reflecting_pool,
          serial_bayou_pond_d, columned_hall_lemuel
Lair:4:   layout_misc_corridors, slime_entry_1, uniq_nessos
Lair:5:   wormcave, layout_cellular_growth, hangedman_lair_in_review,
          portal_ice_cave_entry_imps, serial_rivers,
          chequers_serial_rivers_small_b, chequers_serial_rivers_micro_a,
          chequers_serial_rivers_micro_c, chequers_serial_rivers_micro_a,
          infiniplex_staircase_pool
Swamp:1:  nicolae_swamp_wrong_neighborhood, layout_basic_swamp,
          infiniplex_staircase_pool_2, nicolae_swamp_drake_lake, uniq_mlioglotl
Swamp:2:  layout_basic_swamp, nicolae_swamp_godswood, swamp_pool2
Swamp:3:  layout_basic_swamp, evilmike_swamp_ruin_house_3, uniq_mara
Swamp:4:  swamp_alternative, layout_basic_swamp, swamp_pool1
Snake:1:  layout_chambers, lemuel_fruit_tree, grunt_megastairs_2, uniq_agnes,
          uniq_roxanne
Snake:2:  layout_layer_cave, uniq_frances
Snake:3:  layout_misc_corridors, serial_shops, nicolae_shop_crystal
Snake:4:  grunt_snake_rune_spirals, layout_onion, serial_shops,
          nicolae_diamond_shop
Orc:1:    dreamdust_wu_jian_sword_trials, layout_diamond_mine, serial_shops,
          nicolae_shop_hallway_plus, bloody_makhleb, uniq_jorgrun
Orc:2:    st_orc_open, layout_caves, nicolae_orc_damp_corner
Elf:1:    eino_elf_arrival_the_gate, layout_geoelf_diagonals, evilmike_minifort
Elf:2:    elven_hall_of_blades_hangedman_alternative
          [nicolae_blade_entry_antechamber], layout_onion_city,
          nicolae_elf_glass_and_crystal_pillar_2, minmay_shop_grove, uniq_aizul
Elf:3:    minmay_elf_hall_furrowed, layout_onion_city, serial_shops,
          nicolae_diamond_shop, basic_altar
Vaults:1: portal_desolation_entry_salt, v_misc_10, hangedman_vaults_variations,
          nicolae_vaults_puzzle_piece, hangedman_vaults_slither,
          vaults_room_stairs_pillars, vaults_dpeg_hooks, nicolae_vaults_theta,
          nicolae_vaults_mini_display_case, vaults_room_semicircle, st_cells,
          v_misc_4, vaults_room_semicircle, vaults_mumra_lcd, v_alt_pattern_3,
          nicolae_vaults_little_squares_2, ontoclasm_vaults_twist,
          layout_vaults_omnibox, uniq_asterion
Vaults:2: vaults_room_door_hall, ontoclasm_vaults_spin,
          nicolae_vaults_network_quinsquares
          [nicolae_vaults_network_quincunx_subvault,
          nicolae_vaults_network_quincunx_subvault,
          nicolae_vaults_network_quincunx_subvault,
          nicolae_vaults_network_quincunx_subvault],
          nicolae_vaults_diagonal_hallway_8, v_misc_17,
          nicolae_vaults_little_squares_1, v_misc_31,
          nicolae_vaults_holding_cells, v_misc_11, grunt_vaults_diagonal,
          layout_vaults_chaotic_city, uniq_saint_roka, uniq_frederick
Vaults:3: dpeg_vaults_hating_casters, minmay_crypt_entry_simple_plaza,
          ontoclasm_vaults_ring_small, v_misc_5, nicolae_vaults_network_star,
          vaults_dpeg_encased_lava, vaults_mumra_chevron_long, v_misc_23,
          ontoclasm_vaults_pinch, v_alt_pattern_3, ontoclasm_vaults_misaligned,
          v_pattern_3, nicolae_vaults_border_crossing, v_misc_3,
          layout_vaults_maze, serial_shops, shop
Vaults:4: vaults_room_door_ring, nicolae_vaults_network_periphery, v_misc_4,
          ontoclasm_vaults_chip, nicolae_vaults_what_the_h,
          hangedman_vaults_maws, vaults_standard_mumra_lines,
          layout_vaults_quadrants
Vaults:5
Depths:1: layout_roguey [special_room_mythical_zoo],
          nicolae_abyss_entry_one_way_or_another, serial_bayou,
          serial_bayou_pond_e, serial_bayou_pond_e, serial_bayou_pond_d,
          serial_bayou_shore_b, hell_entry, grunt_decor_mini_mirrors,
          nicolae_uskayaw_murder_on_the_dancefloor
Depths:2: nzn_winding_woodlands_stair_trap [nzn_winding_woodlands_5x15_cabin,
          nzn_winding_woodlands_5x15_crooked, nzn_winding_woodlands_5x15_twine,
          nzn_winding_woodlands_15x15_thick_spiral,
          nzn_winding_woodlands_5x15_lazy_stream,
          nzn_winding_woodlands_5x15_river_crossing,
          nzn_winding_woodlands_5x15_garden], layout_cave_pools, hell_entry,
          abyss_entry_crystal, rand_demon_pan_entry_5, mu_enter_wizlab_1,
          serial_nicolae_subway, nicolae_sub_station_crystal,
          nicolae_sub_station_stone, nicolae_sub_station_metal
Depths:3: nicolae_hitomezashi [nicolae_hito_row, nicolae_hito_row,
          nicolae_hito_row, nicolae_hito_row, nicolae_hito_row,
          nicolae_hito_row, nicolae_hito_row, nicolae_hito_row,
          nicolae_hito_row, nicolae_hito_row, nicolae_hito_row,
          nicolae_hito_row, nicolae_hito_row, nicolae_hito_row,
          nicolae_hito_row, nicolae_hito_row, nicolae_hito_row,
          nicolae_hito_row], layout_cave_shapes, enter_ziggurat_f, hell_entry,
          abyss_entry_small_statue_room, kennysheep_small_circle, uniq_josephina
Depths:4: grunt_zot_entry_gee_three, layout_cave_pools, abyss_entry, hell_entry,
          nrook_mini_backslash, serial_shops, bzr_entry_customers,
          chequers_serial_rivers_micro_d
Zot:1:    ebering_greatest_show_in_zot, layout_gridlike
Zot:2:    layout_gridlike, st_small_dragon_hoard_2
Zot:3:    nicolae_moth_party, layout_gridlike
Zot:4:    layout_misc_corridors, uniq_grunn
Zot:5:    layout_gridville, lemuel_golem_globe

Skill      XL: |  1  2  3  4  5  6  7  8  9 10 11 12 13 14 15 16 17 18 19 20 21 22 23 24 25 26 |
---------------+-------------------------------------------------------------------------------+-----
Fighting       | 1 2 3 4 5 6 7 9 10 11 13 14 15 16 18 19 21 22 | 22.9
Spellcasting   | 3 4 5 6 8 10 12 13 14 15 17 | 17.0
Conjurations   | 5 6 7 9 10 13 14 15 17 19 21 22 | 22.0
Hexes          | 1 3 4 |  4.0
Dodging        | 2 4 5 7 9 10 12 13 15 | 15.0
Translocations | 3 4 |  4.0
Fire Magic     | 1 5 8 12 13 14 16 17 19 20 22 23 | 23.6
Evocations     | 2 5 |  5.0
Armour         | 6 8 9 |  9.6
Summonings     | 7 8 |  8.0
Stealth        | |  1.7

Action                     |  1- 3 |  4- 6 |  7- 9 | 10-12 | 13-15 | 16-18 | 19-21 | 22-24 | 25-27 || total
---------------------------+-------+-------+-------+-------+-------+-------+-------+-------+-------++-------
  Melee: Whip              |       |     6 |       |     6 |   128 |    76 |       |       |       ||   216
         Dagger            |       |       |     1 |     6 |       |       |       |       |       ||     7
         Kick              |       |       |       |     7 |    53 |    46 |    40 |    12 |    10 ||   168
         Staff             |       |       |       |     4 |       |    23 |    65 |    17 |    14 ||   123
         Punch             |       |       |       |       |     1 |       |       |       |       ||     1
  Throw: Dart              |       |       |     4 |    23 |     2 |     9 |     2 |       |       ||    40
         Throwing net      |       |       |       |     2 |       |       |       |       |       ||     2
   Cast: Magic Dart        |    71 |    38 |   129 |   153 |    54 |   326 |   350 |   392 |   169 ||  1682
         Searing Ray       |     7 |    20 |    50 |   100 |    52 |    55 |    61 |       |       ||   345
         Fulminant Prism   |       |       |    18 |    96 |    93 |    88 |    50 |       |       ||   345
         Iskenderun's Myst |       |       |       |    29 |    54 |    90 |    53 |       |     2 ||   228
         Orb of Destructio |       |       |       |       |    67 |   214 |     2 |       |       ||   283
         Frozen Ramparts   |       |       |       |       |     1 |       |       |       |       ||     1
         Iskenderun's Batt |       |       |       |       |       |    94 |   121 |    76 |    31 ||   322
         Spellforged Servi |       |       |       |       |       |    10 |   117 |    85 |    39 ||   251
         Yara's Violent Un |       |       |       |       |       |     5 |     6 |     4 |       ||    15
         Iron Shot         |       |       |       |       |       |       |    35 |    56 |    13 ||   104
         Ignition          |       |       |       |       |       |       |    28 |   189 |    40 ||   257
         Fire Storm        |       |       |       |       |       |       |       |    26 |    66 ||    92
  Evoke: Wand              |       |       |       |    11 |     3 |     2 |       |     1 |       ||    17
         Phantom mirror    |       |       |       |       |       |       |     3 |       |       ||     3
         Condenser vane    |       |       |       |       |       |       |       |       |     2 ||     2
    Use: Potion            |     1 |     1 |       |       |     2 |     1 |     9 |     4 |     9 ||    27
         Scroll            |     5 |     5 |     6 |    13 |     8 |     9 |     9 |     9 |     8 ||    72
   Stab: Paralysed         |       |       |       |       |     5 |       |       |       |       ||     5
         Sleeping          |       |       |       |       |     1 |     1 |       |       |       ||     2
         Distracted        |       |       |       |       |       |       |       |       |     1 ||     1
 Armour: Robe              |     2 |     8 |    22 |       |       |       |       |       |       ||    32
         Leather armour    |       |       |     1 |    13 |       |       |       |       |       ||    14
         Steam dragon scal |       |       |       |    55 |   150 |   192 |   147 |   111 |    97 ||   752
  Dodge: Dodged            |     5 |    23 |    41 |   163 |   298 |   350 |   327 |   246 |   197 ||  1650
  Block: Buckler           |       |       |       |       |       |   111 |   123 |    86 |    87 ||   407

Table legend: (Time is in decaauts)
 A = Elapsed time spent in this place.
 B = Non-inter-level travel time spent in this place.
 C = Inter-level travel time spent in this place.
 D = Time resting spent in this place.
 E = Time spent auto-exploring this place.
 F = Levels seen in this place.
 G = Mean time per level.
                   A        B        C        D        E       F      G
               +--------+--------+--------+--------+--------+-----+--------+
         Total |  74882 |  70765 |   4117 |  24527 |  32817 |  53 | 1412.9 |
       Dungeon |  18701 |  16864 |   1837 |   5112 |   8691 |  15 | 1246.7 |
          Lair |   8728 |   8261 |    467 |   2611 |   3791 |   5 | 1745.6 |
         Swamp |   4241 |   4015 |    226 |   1489 |   1758 |   4 | 1060.2 |
     Snake Pit |   6036 |   5837 |    199 |   1488 |   3305 |   4 | 1509.0 |
  Orcish Mines |   3457 |   3096 |    361 |   1627 |    971 |   2 | 1728.5 |
   Elven Halls |   5278 |   4982 |    296 |   1653 |   2370 |   3 | 1759.3 |
        Vaults |   9569 |   9205 |    364 |   1754 |   5700 |   5 | 1913.8 |
        Depths |   6009 |   5771 |    238 |   2409 |   2360 |   4 | 1502.2 |
           Zot |   8975 |   8849 |    126 |   4323 |   3175 |   5 | 1795.0 |
         Abyss |      4 |      4 |      0 |      0 |      0 |   1 |    4.0 |
        Bazaar |    202 |    202 |      0 |    100 |     73 |   1 |  202.0 |
       Ossuary |    317 |    317 |      0 |    129 |     57 |   1 |  317.0 |
        Bailey |    771 |    771 |      0 |    560 |      0 |   1 |  771.0 |
    Desolation |   1240 |   1240 |      0 |    597 |    280 |   1 | 1240.0 |
      Gauntlet |   1347 |   1347 |      0 |    675 |    286 |   1 | 1347.0 |
               +--------+--------+--------+--------+--------+-----+--------+

Top non-repeatable levels by time:
   Zot:5: 2922 daAuts
Vaults:4: 2722 daAuts
  Lair:5: 2330 daAuts
  Lair:1: 2330 daAuts
   Orc:1: 2196 daAuts
 Snake:4: 2162 daAuts
   Elf:1: 2131 daAuts
Vaults:2: 2106 daAuts
Depths:3: 1882 daAuts
   Zot:1: 1866 daAuts
Vaults:1: 1840 daAuts
     D:9: 1721 daAuts
     D:8: 1689 daAuts
     D:4: 1668 daAuts
Depths:4: 1666 daAuts
